 Dungeon Crawl Stone Soup version 0.29.1-2-gbd0b4ee654 (webtiles) character file.

Game seed: 6530847795145972647

154 styxcanada the Covert (level 5, -4/26 HPs)
             Began as a Spriggan Brigand on Nov 6, 2022.
             Killed from afar by Grinder (6 damage)
             ... with a puff of flame
             ... while paralysed by Grinder
             ... on level 3 of the Dungeon.
             The game lasted 00:11:20 (3005 turns).

styxcanada the Covert (Spriggan Brigand)            Turns: 3005, Time: 00:11:21

Health: -4/26      AC:  3    Str:  7    XL:     5   Next: 13%
Magic:  6/6        EV:  4    Int: 13    God:
Gold:   102        SH:  0    Dex: 18    Spells: 4/4 levels left

rFire   . . .      SeeInvis +   a - +3 dagger
rCold   . . .      Faith    .   (no shield)
rNeg    . . .      Spirit   .   b - +0 robe
rPois   .          Reflect  .   (helmet restricted)
rElec   .          Harm     .   c - +0 cloak
rCorr   .          Rampage  .   (gloves unavailable)
Will    .....                   (boots unavailable)
Stlth   ++++......              (no amulet)
HPRegen 0.08/turn               (no ring)
MPRegen 0.10/turn               (no ring)

@: paralysed, very quick
A: very small, no large weapons, unfitting armour, see invisible, speed 3
a: no special abilities


You were on level 3 of the Dungeon.
You visited 1 branch of the dungeon, and saw 3 of its levels.

You collected 102 gold pieces.

Inventory:

Hand Weapons
 a - a +3 dagger (weapon)
 h - a +0 sling
Missiles
 d - 6 poisoned darts (quivered)
 e - 3 curare-tipped darts
 f - 33 stones
Armour
 b - a +0 robe (worn)
 c - a +0 cloak (worn)
Scrolls
 k - a scroll of poison
Potions
 g - a potion of ambrosia
 i - a potion of heal wounds
 l - 4 potions of curing {unknown}
 m - a potion of berserk rage {unknown}


   Skills:
 * Level 2.0 Fighting
 + Level 2.7 Short Blades
 + Level 0.2 Ranged Weapons
 + Level 2.4 Throwing
 * Level 2.9 Dodging
 * Level 8.2 Stealth


You had 4 spell levels left.
You didn't know any spells.
Your spell library was empty.

Dungeon Overview and Level Annotations

Branches:
Dungeon (3/15)

Altars:
Trog

Annotations:
D:3 Grinder


Innate Abilities, Weirdness & Mutations

You are very small and have problems with some larger weapons.
You are too small for most types of armour.
You have supernaturally acute eyesight. (SInv)
You cover ground extremely quickly. (Speed+++)


Message History

Throw: 7 darts (poison)
Press: ? - help, Q - select action, (/) - cycle Shift-Dir - straight line, f/p - Grinder
Aim: Grinder, carrying a wand of flame (13) (lightly wounded, poisoned, 60% to hit)
You throw a poisoned dart. The poisoned dart hits Grinder.
Grinder looks even sicker.
Grinder is lightly wounded.
You hit Grinder.
Grinder is moderately wounded.
Grinder barely misses you.
You completely miss Grinder.
Grinder is moderately wounded.
Grinder barely misses you.
You hit Grinder.
Grinder is moderately wounded.
Grinder hits you but does no damage.
You hit Grinder.
Grinder is moderately wounded.
You hit Grinder.
Grinder is heavily wounded.
Grinder hits you.
* * * LOW HITPOINT WARNING * * *
You writhe in agony.
* * * LOW HITPOINT WARNING * * *
You hit Grinder.
Grinder is heavily wounded.
Grinder barely misses you.
You barely miss Grinder.
Grinder is heavily wounded.
Grinder misses you.
You barely miss Grinder.
Grinder is heavily wounded.
Grinder gestures at you.
You suddenly lose the ability to move!
Grinder hits you.
* * * LOW HITPOINT WARNING * * *
Grinder gestures at you. You resist with significant effort.
Grinder looks more healthy.
Grinder hits you but does no damage.
Grinder zaps a wand.
The puff of flame hits you.
You die...

#......ยง..........
##.##...###########
#..###### #...#.#
#####.# ####.###
#......# #.##.#.# #
#@#.# #5.!....#
.(..##### ..(..#
.#.(..# #......# #
##.### #.#


You could see Grinder.

Vanquished Creatures
  An orc wizard (D:3)
  Robin (D:2)
  3 adders
  2 worms
  2 dart slugs (D:2)
  8 orcs (D:3)
  5 endoplasms
  2 giant cockroaches
  15 goblins
  5 hobgoblins
  6 jackals (D:3)
  3 kobolds
  2 quokkas (D:2)
  2 ball pythons (D:3)
  6 bats
  6 frilled lizards
  2 rats
71 creatures vanquished.

Notes
Turn   | Place    | Note
-------+----------+-------------------------------------------
     0 | D:1      | styxcanada the Spriggan Brigand began the quest for the
                  | Orb.
     0 | D:1      | Reached XP level 1. HP: 10/10 MP: 2/2
    44 | D:1      | Reached skill level 6 in Stealth
    62 | D:1      | Reached XP level 2. HP: 14/14 MP: 3/3
   462 | D:1      | Found a faded altar of an unknown god.
  1060 | D:2      | Reached skill level 7 in Stealth
  1117 | D:2      | Reached XP level 3. HP: 18/18 MP: 4/4
  1472 | D:2      | Noticed Robin
  1505 | D:2      | Killed Robin
  1506 | D:2      | Reached XP level 4. HP: 20/23 MP: 5/5
  2340 | D:3      | Reached skill level 8 in Stealth
  2771 | D:3      | Reached XP level 5. HP: 25/26 MP: 6/6
  2786 | D:3      | Found a bloodstained altar of Trog.
  2980 | D:3      | Noticed Grinder
  2987 | D:3      | Paralysed by Grinder for 5 turns
  3001 | D:3      | Paralysed by Grinder for 5 turns
  3005 | D:3      | Killed from afar by Grinder

Illustrated notes

Levels and vault maps discovered:
D:1:      dpeg_arrival_pits, layout_basic, ebering_ecumenical_altar_sacrificial
D:2:      layout_loops_cross, uniq_robin
D:3:      kennysheep_the_goblin_king, layout_loops_corners,
          mainiacjoe_overflow_brackets, kennysheep_orc_chapel, uniq_grinder

Skill      XL: |  1  2  3  4 |
---------------+-------------+-----
Stealth        | 6 7 8 |  8.2
Dodging        | 2 |  2.9
Fighting       | 2 |  2.0
Short Blades   | |  2.7
Ranged Weapons | |  0.2
Throwing       | |  2.4

Action                   |  1- 3 |  4- 6 || total
-------------------------+-------+-------++-------
Melee: Dagger            |    62 |    86 ||   148
       Punch             |     1 |     1 ||     2
 Fire: Sling             |       |     6 ||     6
Throw: Dart              |    10 |    27 ||    37
  Use: Scroll            |     7 |     2 ||     9
       Potion            |     1 |       ||     1
 Stab: Sleeping          |    16 |     5 ||    21
       Distracted        |       |     1 ||     1
Armor: Robe              |     8 |    12 ||    20
Dodge: Dodged            |    33 |    59 ||    92
